 Dungeon Crawl Stone Soup version 0.25-a0-353-ged6d54792d (webtiles) character file.

Game seed: 16281466510650690440, levelgen mode: deterministic

136 BritishOli the Ducker (level 4, 0/35 HPs)
             Began as a Demonspawn Gladiator on Jan 1, 2020.
             Slain by a quokka (2 damage)
             ... on level 3 of the Dungeon.
             The game lasted 00:03:48 (2439 turns).

BritishOli the Ducker (Demonspawn Gladiator)        Turns: 2439, Time: 00:03:48

Health: 0/35       AC:  4    Str: 15    XL:     4   Next: 98%
Magic:  4/4        EV: 13    Int: 10    God:
Gold:   40         SH:  0    Dex: 14    Spells: 3/3 levels left

rFire    . . .     SeeInvis .   a - +0 long sword
rCold    . . .     Gourm    .   (no shield)
rNeg     + . .     Faith    .   b - +0 leather armour
rPois    .         Spirit   .   c - +0 helmet
rElec    .         Reflect  .   j - scarf {repulsion}
rCorr    .         Harm     .   (no gloves)
MR       .....                  (no boots)
Stlth    +.........             (no amulet)
HPRegen  0.11/turn              o - ring of positive energy
MPRegen  0.09/turn              (no ring)

@: repel missiles
A: powered by death 1
a: no special abilities


You were on level 3 of the Dungeon.
You were not hungry.

You visited 1 branch of the dungeon, and saw 4 of its levels.

You collected 148 gold pieces.
You spent 108 gold pieces at shops.

Inventory:

Hand Weapons
 a - a +0 long sword (weapon)
Missiles
 d - 3 throwing nets (quivered)
Armour
 b - a +0 leather armour (worn)
 c - a +0 helmet (worn)
 j - a scarf of repulsion (worn)
Jewellery
 o - a ring of positive energy (left hand)
Wands
 g - a wand of disintegration (15)
 l - a wand of iceblast (7)
 p - a wand of polymorph (6)
Scrolls
 e - 3 scrolls of remove curse
 h - a scroll of fog {unknown}
 i - 2 scrolls of enchant weapon {unknown}
 k - 2 scrolls of teleportation {unknown}
 t - a scroll of enchant armour {unknown}
Potions
 m - 2 potions of resistance
 n - a potion of cancellation
 q - a potion of lignification
 r - a potion of ambrosia
 s - a potion of agility
 u - a potion of brilliance {unknown}
Comestibles
 f - 7 rations


   Skills:
 + Level 3.3 Fighting
 + Level 3.6 Long Blades
 - Level 2.0 Throwing
 + Level 3.7 Dodging


You had 3 spell levels left.
You didn't know any spells.
Your spell library was empty.

Dungeon Overview and Level Annotations

Branches:
Dungeon (4/15)
 Temple: D:4-7

Altars:

Shops:
D:4 ?

Annotations:
D:4 1 runed translucent door, Gildeon's ghost, amateur DECj


Innate Abilities, Weirdness & Mutations

You regenerate a little health from kills.


Message History

* * * LOW HITPOINT WARNING * * *
The quokka barely misses you.
You climb upwards.
There is a stone staircase leading down here.
You are too injured to fight recklessly!
You are too injured to fight recklessly!
You are too injured to fight recklessly!
You are too injured to fight recklessly!
You hit the quokka.
The quokka is lightly wounded.
The quokka bites you.
* * * LOW HITPOINT WARNING * * *
You hit the quokka.
The quokka is severely wounded.
The quokka misses you.
You riposte.
You hit the quokka but do no damage.
The quokka is severely wounded.
You hit the quokka but do no damage.
The quokka is severely wounded.
The quokka barely misses you. The quokka bites you.
You die...

#### ##..##
#### ##8..8###
...# #....r..#
...#
######...@...#
...#
#.....#8..8#.#
...#
#.....##..##.#
####
#............#
.#
#...........##
.##
#..........##
..#
#..........#
..#
#..........#
..#
#..........#


You could see a quokka.

Vanquished Creatures
  A worker ant (D:4)
  A hound skeleton (D:4)
  3 adders
  An adder zombie (D:3)
  2 worms
  A dart slug (D:1)
  A leopard gecko (D:1)
  3 orcs
  3 giant cockroaches
  6 goblins
  3 hobgoblins
  4 jackals (D:2)
  7 kobolds
  A quokka (D:2)
  3 ball pythons
  5 bats
  4 frilled lizards
  A jackal skeleton (D:4)
  6 rats (D:1)
56 creatures vanquished.

Notes
Turn   | Place    | Note
-------+----------+-------------------------------------------
     0 | D:1      | BritishOli the Demonspawn Gladiator began the quest for the
                  | Orb.
     0 | D:1      | Reached XP level 1. HP: 16/16 MP: 1/1
   178 | D:1      | Gained mutation: You regenerate a little health from kills.
                  | [demonic ancestry]
   178 | D:1      | Reached XP level 2. HP: 17/22 MP: 2/2
   784 | D:2      | Reached XP level 3. HP: 23/28 MP: 3/3
  1885 | D:3      | Reached XP level 4. HP: 33/35 MP: 4/4
  2062 | D:4      | Found a runed translucent door.
  2064 | D:4      | Noticed Gildeon's ghost (amateur DECj)
  2103 | D:4      | Found Jicet's Magic Scroll Boutique.
  2108 | D:4      | Bought a scroll of identify for 24 gold pieces
  2113 | D:4      | Bought a scroll of identify for 24 gold pieces
  2113 | D:4      | Bought a scroll of identify for 24 gold pieces
  2113 | D:4      | Bought a scroll of remove curse for 36 gold pieces
  2439 | D:3      | Slain by a quokka

Levels and vault maps discovered:
D:1:      roderic_octagonal_star, layout_basic
D:2:      layout_loops_ring
D:3:      layout_rooms, first_ration, st_stairs_6, minmay_misc_feat_square
D:4:      cheibrodos_old_hovel, layout_basic, ebering_ghost_sewer_d,
          serial_shops, shop_fountains, nicolae_shop_stone, shop_coins,
          nicolae_shop_stone

Skill      XL: |  1  2  3 |
---------------+----------+-----
Throwing       | 2 |  2.0
Dodging        | 3 |  3.7
Long Blades    | 3 |  3.6
Fighting       | 3 |  3.3

Action                   |  1- 3 |  4- 6 || total
-------------------------+-------+-------++-------
Melee: Long sword        |   114 |    44 ||   158
Throw: Throwing net      |     2 |       ||     2
  Use: Scroll            |       |     6 ||     6
 Stab: Sleeping          |       |     1 ||     1
  Eat: Chunk             |     3 |     2 ||     5
Armor: Leather armour    |    45 |    11 ||    56
Dodge: Dodged            |   101 |    33 ||   134
       Deflected         |     1 |       ||     1
       Rpst.: Long sword |    31 |    10 ||    41

Table legend:
 A = Non-vault XP
 B = Vault XP
 C = Vault XP percentage of total XP
 D = Non-vault monster count
 E = Vault monster count
 F = Vault count percentage of total count
                 A         B        C        D         E       F
            +---------+---------+-------+---------+---------+-------
      Total |     181 |      14 |   7.2 |      55 |       1 |   1.8
            +---------+---------+-------+---------+---------+-------
        D:1 |      38 |       0 |   0.0 |      23 |       0 |   0.0
        D:2 |      43 |       0 |   0.0 |      15 |       0 |   0.0
        D:3 |      33 |      14 |  29.8 |       9 |       1 |  10.0
        D:4 |      67 |       0 |   0.0 |       8 |       0 |   0.0
            +---------+---------+-------+---------+---------+-------
